[Event "Titled Tuesday Blitz August 09 Early 2022"]
[White "Pulpan, Jakub"]
[Black "Xu, Yi"]
[WhiteFideId "302759"]
[BlackFideId "8605564"]
[WhiteElo "2451"]
[BlackElo "2471"]
[Result "1-0"]
[Round "05"]
[TimeControl "180+1"]
[Date "2022.08.09"]
[WhiteClock "0:00:23"]
[BlackClock "0:00:21"]

1. Nf3 d5 2. d4 Nf6 3. c4 e6 4. Nc3 c6 5. e3 Nbd7 6. b3 Bd6 7. Bb2 O-O 8. Be2 b6 9. O-O Bb7 10. Rc1 Qe7 11. Rc2 Rac8 12. h3 Rfd8 13. cxd5 exd5 14. Nh4 g6 15. Nf3 Re8 16. a4 Ne4 17. Nxe4 dxe4 18. Nd2 Nf6 19. Nc4 Nd5 20. Nxd6 Qxd6 21. Qd2 h5 22. Rfc1 a5 23. Ra1 h4 24. Ba3 Qf6 25. Bg4 Rcd8 26. Rac1 Qg5 27. Be2 f5 28. Bc4 Kh7 29. Bxd5 Rxd5 30. b4 Kh6 31. b5 cxb5 32. Rc7 Ba8 33. axb5 Qd8 34. Qc3 f4 35. Rf7 Rd7 36. Rxf4 g5 37. Rf5 Kg6 38. Re5 Rxe5 39. dxe5 Rd1+ 40. Kh2 Rxc1 41. Qxc1 Qd7 42. Bd6 Bd5 43. Qc3 a4 44. Qd4 Qxb5 45. e6 Bxe6 46. Be7 Qf5 47. Qxb6 a3 48. Bxa3 Qe5+ 49. g3 Qf5 50. Kg1 Qxh3 51. Bd6 Bg4 52. Be5+ Kh5 53. Qd8 hxg3 54. Qe8+ Kh6 55. Qf8+ Kg6 56. Qg8+ Kf5 57. Bxg3 Bf3 58. Qc8+ Kf6 59. Qxh3 g4 60. Qh2 Kf5 61. Bf4 g3 62. Qxg3 Be2 63. Kh2 Ke6 64. Be5 Kd5 65. Bd4 Kc4 66. Qf4 Kd3 67. Kg3 Kc2 68. Kh4 Kd1 69. Kg5 Bd3 70. Kf6 Ke2 71. Ke5 Kf1 72. f3 Kg2 73. fxe4 Be2 74. Kd5 Bf3 75. Kd6 Kf1 76. e5 Ke2 77. e6 Be4 78. e7 Bf5 79. Qxf5 Kd2 80. Bh8 Kc1 81. e4 Kb1 82. e5+ Ka2 83. e6 Kb3 84. Qd3+ Ka4 85. e8=Q+ Kb4 86. Qeb5# 1-0


[Site "https://www.chess.com"]

[Event "Titled Tuesday Blitz August 09 Early 2022"]
[White "Remolar Gallen, Jose"]
[Black "Pein, Jonathan"]
[WhiteFideId "2215187"]
[BlackFideId "417092"]
[WhiteElo "2205"]
[BlackElo "2140"]
[Result "1-0"]
[Round "05"]
[TimeControl "180+1"]
[Date "2022.08.09"]
[WhiteClock "0:00:03"]
[BlackClock "0:00:23"]

1. d4 e6 2. e4 d5 3. Nc3 dxe4 4. Nxe4 Bd7 5. c4 Bc6 6. Nc3 Nf6 7. Bg5 Be7 8. Nf3 O-O 9. Be2 b6 10. O-O Nbd7 11. d5 exd5 12. Nd4 Bb7 13. Bf3 Ne5 14. Nf5 Nxf3+ 15. Qxf3 Rb8 16. Rfe1 Re8 17. Rad1 d4 18. Qg3 c5 19. Rxe7 Rxe7 20. Bxf6 Re1+ 21. Rxe1 Qxf6 22. Ne7+ Kf8 23. Qxb8+ Bc8 24. Qxc8# 1-0


[Site "https://www.chess.com"]

[Event "Titled Tuesday Blitz August 09 Early 2022"]
[White "Reprintsev, Alexander"]
[Black "Ekdyshman, Mikhail"]
[WhiteFideId "14100541"]
[BlackFideId "4149416"]
[WhiteElo "2108"]
[BlackElo "2146"]
[Result "0-1"]
[Round "05"]
[TimeControl "180+1"]
[Date "2022.08.09"]
[WhiteClock "0:00:06"]
[BlackClock "0:00:04"]

1. e4 c5 2. b3 Nc6 3. Bb2 a6 4. Nf3 e6 5. d4 cxd4 6. Nxd4 Qc7 7. Nxc6 bxc6 8. Be2 d5 9. O-O Nf6 10. e5 Nd7 11. f4 Bc5+ 12. Kh1 O-O 13. c4 Bb7 14. Nc3 f6 15. exf6 Nxf6 16. Na4 Bd6 17. Qd2 Ne4 18. Qd4 c5 19. Qd3 Rxf4 20. Rxf4 Bxf4 21. Rf1 Bxh2 22. Rf3 Bg3 23. Kg1 d4 24. b4 Rf8 25. Nxc5 Bf2+ 26. Rxf2 Nxf2 27. Qxd4 Nh3+ 28. Kh1 Bxg2+ 29. Kxg2 Rf2+ 30. Qxf2 Nxf2 31. Kxf2 Qf4+ 32. Ke1 Qe3 33. Kd1 Qg1+ 34. Kd2 h5 35. Nxe6 h4 36. Bd4 Qg3 37. Nxg7 h3 38. Nf5 Qf4+ 39. Ne3 Qxd4+ 40. Bd3 h2 41. Nf5 Qf4+ 42. Ne3 h1=Q 0-1


[Site "https://www.chess.com"]

[Event "Titled Tuesday Blitz August 09 Early 2022"]
[White "Rom, Jasper"]
[Black "Korchmar, Vasiliy"]
[WhiteFideId "2023733"]
[BlackFideId "24131750"]
[WhiteElo "2233"]
[BlackElo "2370"]
[Result "0-1"]
[Round "05"]
[TimeControl "180+1"]
[Date "2022.08.09"]
[WhiteClock "0:00:01"]
[BlackClock "0:00:33"]

1. e4 c5 2. Nc3 d6 3. f4 Nc6 4. Nf3 Nf6 5. Bb5 Bd7 6. O-O e6 7. d3 Be7 8. Qe1 O-O 9. Qg3 Nd4 10. Bxd7 Nxd7 11. Nxd4 cxd4 12. Ne2 Rc8 13. c3 dxc3 14. bxc3 d5 15. f5 dxe4 16. dxe4 Bh4 17. Qf4 Bf6 18. Be3 Ne5 19. Rad1 Qa5 20. Bd4 Qxa2 21. Ng3 Qa5 22. Nh5 exf5 23. Nxf6+ gxf6 24. Qxf5 Rc6 25. Rf4 Qa4 26. Rdf1 Ng6 27. Rg4 Rd8 28. h4 Rxd4 29. cxd4 Qxd4+ 30. Kh1 Rc5 31. Qf3 h5 32. Rg3 Kg7 33. Kh2 a5 34. Rh3 a4 35. Rg3 b5 36. Rh3 b4 37. Rg3 a3 38. e5 Qxe5 0-1


[Site "https://www.chess.com"]

[Event "Titled Tuesday Blitz August 09 Early 2022"]
[White "Rose, Felix"]
[Black "Aradhya, Garg"]
[WhiteFideId "5105722"]
[BlackFideId "25006746"]
[WhiteElo "2039"]
[BlackElo "2203"]
[Result "0-1"]
[Round "05"]
[TimeControl "180+1"]
[Date "2022.08.09"]
[WhiteClock "0:00:03"]
[BlackClock "0:01:25"]

1. e4 e5 2. Nf3 Nc6 3. Bb5 a6 4. Ba4 Nf6 5. O-O Be7 6. Re1 b5 7. Bb3 O-O 8. h3 Na5 9. Nxe5 Nxb3 10. axb3 Bb7 11. d3 d5 12. exd5 Qxd5 13. Qf3 Rfe8 14. Qxd5 Nxd5 15. Nc3 Bd6 16. Nxd5 Bxd5 17. d4 c5 18. Be3 c4 19. bxc4 bxc4 20. Ra5 Bb4 21. Rxd5 Bxe1 22. Nxc4 Rec8 23. b3 Bb4 24. Rg5 Rd8 25. Kf1 f6 26. Rg4 a5 27. Ke2 a4 28. Nb6 a3 29. Nxa8 a2 30. Bh6 g6 31. d5 a1=Q 32. Rxb4 Qxa8 33. c4 Qa2+ 34. Kf3 Qc2 35. Rb7 Qd3+ 36. Kg4 g5 37. Rg7+ Kh8 38. Re7 Rg8 39. f3 Qd4+ 40. Kg3 Qh4+ 41. Kh2 Qxh6 42. d6 g4 43. d7 g3+ 44. Kg1 Qc1+ 45. Re1 Qxe1# 0-1


[Site "https://www.chess.com"]

[Event "Titled Tuesday Blitz August 09 Early 2022"]
[White "Rosenberg, Evan S"]
[Black "Karttunen, Mika"]
[WhiteFideId "2019299"]
[BlackFideId "502081"]
[WhiteElo "2431"]
[BlackElo "2343"]
[Result "0-1"]
[Round "05"]
[TimeControl "180+1"]
[Date "2022.08.09"]
[WhiteClock "0:00:11"]
[BlackClock "0:00:13"]

1. e4 c5 2. Nc3 Nc6 3. f4 e6 4. Nf3 d5 5. Bb5 Ne7 6. exd5 exd5 7. Qe2 Bg4 8. Bxc6+ bxc6 9. b3 Qd6 10. Ba3 O-O-O 11. O-O-O Bxf3 12. gxf3 Nf5 13. Qa6+ Kb8 14. Na4 Qxf4 15. Qxc6 Nd4 16. Qa6 Qf5 17. d3 Rc8 18. Nc3 Qd7 19. Qa5 Be7 20. Rhe1 Rhe8 21. Re5 Bd8 22. Rxd5 Qxd5 23. Nxd5 Bxa5 24. c3 Ne6 25. Kc2 Kb7 26. Rg1 Rcd8 27. c4 Nd4+ 28. Kd1 g6 29. Rg3 Bb6 30. b4 cxb4 31. Bxb4 a5 32. Bc3 Nf5 33. Rh3 h5 34. f4 Bc5 35. Bxa5 Ra8 36. Bb4 Bxb4 37. Nxb4 Ra4 38. Nd5 Rxa2 39. d4 Rb2 40. Ne3 Nxe3+ 41. Kc1 Rc2+ 42. Kb1 Rxc4 43. Rf3 Nd5 44. Rb3+ Rb4 45. Rxb4+ Nxb4 46. Kb2 Nd5 47. Kb3 Kc6 48. Kc4 Re4 49. f5 gxf5 50. h4 Re8 51. Kd3 f4 52. Kd2 f3 53. Kc2 f2 54. Kb3 f1=Q 55. Ka4 Qb5+ 56. Ka3 Ra8# 0-1


[Site "https://www.chess.com"]

[Event "Titled Tuesday Blitz August 09 Early 2022"]
[White "Rustemov, Alexander"]
[Black "Aggelis, Nikolaos"]
[WhiteFideId "4119002"]
[BlackFideId "4213220"]
[WhiteElo "2777"]
[BlackElo "2154"]
[Result "1-0"]
[Round "05"]
[TimeControl "180+1"]
[Date "2022.08.09"]
[WhiteClock "0:00:09"]
[BlackClock "0:00:03"]

1. d4 Nf6 2. c4 g6 3. Nf3 Bg7 4. g3 O-O 5. Bg2 d5 6. cxd5 Nxd5 7. O-O Nc6 8. Nc3 e5 9. Bg5 f6 10. Bc1 Nxc3 11. bxc3 e4 12. Nd2 f5 13. Rb1 b6 14. f3 exf3 15. Bxf3 Bb7 16. Nc4 Kh8 17. Bf4 Re8 18. Qd3 Rb8 19. Rfe1 h6 20. h4 Qd7 21. Kh2 Ba6 22. Ne5 Nxe5 23. Qxa6 Nxf3+ 24. exf3 Qc6 25. Qd3 b5 26. d5 Qd7 27. Rxe8+ Rxe8 28. Rxb5 Qe7 29. Rb2 Qc5 30. Rc2 Re1 31. Rg2 Qxc3 32. Qxc3 Bxc3 33. Rc2 Ba5 34. Bxh6 Rd1 35. Bf4 Rxd5 36. g4 fxg4 37. fxg4 Kh7 38. Bxc7 Bxc7+ 39. Rxc7+ Kh6 40. Rxa7 g5 41. Ra6+ Kg7 42. hxg5 Rxg5 43. Kg3 Rc5 44. a4 Rc4 45. Kh4 Rc5 46. a5 Rb5 47. Ra8 Rc5 48. a6 Rb5 49. g5 Ra5 50. Kh5 Ra4 51. Ra7+ Kf8 52. Kg6 Rb4 53. Ra8+ Ke7 54. a7 Rb6+ 55. Kg7 Ra6 56. Rf8 Ke6 57. a8=Q 1-0


[Site "https://www.chess.com"]

[Event "Titled Tuesday Blitz August 09 Early 2022"]
[White "Sailer, Mike"]
[Black "Nurmanova, Alua"]
[WhiteFideId "2012901"]
[BlackFideId "13729390"]
[WhiteElo "2109"]
[BlackElo "1921"]
[Result "0-1"]
[Round "05"]
[TimeControl "180+1"]
[Date "2022.08.09"]
[WhiteClock "0:00:02"]
[BlackClock "0:00:17"]

1. d4 Nf6 2. Nf3 g6 3. Bf4 Bg7 4. e3 d6 5. Be2 O-O 6. O-O c5 7. c3 cxd4 8. exd4 Nc6 9. Re1 Nh5 10. Bg5 h6 11. Bh4 g5 12. Bg3 Nxg3 13. hxg3 e5 14. dxe5 dxe5 15. Qb3 Qc7 16. Na3 Be6 17. Qa4 f5 18. Nb5 Qf7 19. Nd6 Qe7 20. Red1 e4 21. Ne1 a6 22. Bc4 b5 23. Bxe6+ Qxe6 24. Qb3 Qxb3 25. axb3 Be5 26. Nb7 Rf7 27. Nc5 a5 28. Nc2 Kg7 29. Ne3 Kg6 30. Nd5 Rfa7 31. Nb6 Rd8 32. Nbd7 Bg7 33. Rd6+ Kf7 34. Rxc6 Rdxd7 35. Nxd7 Rxd7 36. Rxa5 b4 37. cxb4 f4 38. gxf4 gxf4 39. Rac5 Rd1+ 40. Kh2 f3 41. gxf3 exf3 42. Kg3 Rd3 43. Rc7+ Kg6 44. R5c6+ Bf6 45. b5 Kg5 46. b6 Be5+ 47. Kh3 Rd1 0-1


[Site "https://www.chess.com"]

[Event "Titled Tuesday Blitz August 09 Early 2022"]
[White "Samarth, J Rao"]
[Black "Mouhamad, Joachim"]
[WhiteFideId "46652370"]
[BlackFideId "656410"]
[WhiteElo "1514"]
[BlackElo "2147"]
[Result "1-0"]
[Round "05"]
[TimeControl "180+1"]
[Date "2022.08.09"]
[WhiteClock "0:00:03"]
[BlackClock "0:00:01"]

1. d4 Nf6 2. c4 g6 3. Nc3 d5 4. cxd5 Nxd5 5. e4 Nxc3 6. bxc3 Bg7 7. Bc4 c5 8. Ne2 Nc6 9. Be3 O-O 10. O-O Na5 11. Bd3 b6 12. f3 e5 13. dxc5 Qc7 14. cxb6 axb6 15. Qb1 Rb8 16. Qb4 Rd8 17. Rfd1 Bf8 18. Qa4 Bc5 19. Bxc5 Qxc5+ 20. Kf1 Rxd3 21. Rxd3 Ba6 22. Rd5 Qe3 23. Qc2 Nc4 24. Qc1 Rc8 25. Ke1 Kg7 26. Qxe3 Nxe3 27. Rd2 Nxg2+ 28. Kf2 Bxe2 29. Kxg2 Bc4 30. Rc1 Ra8 31. Kf2 Ra3 32. Rcc2 b5 33. Rd1 h5 34. Rdd2 Kf6 35. Rd1 Kg5 36. Rdd2 f6 37. Rd6 Bxa2 38. Kg3 h4+ 39. Kf2 Bc4 40. Rc1 Ra2+ 41. Kg1 f5 42. Rdd1 Kf4 43. Re1 Rd2 44. exf5 g5 45. Rcd1 Rc2 46. f6 Kxf3 47. f7 Rg2+ 48. Kh1 Bxf7 49. Rf1+ Rf2 50. Kg1 1-0


[Site "https://www.chess.com"]

[Event "Titled Tuesday Blitz August 09 Early 2022"]
[White "Samunenkov, Ihor"]
[Black "Toncheva, Nadya"]
[WhiteFideId "14187086"]
[BlackFideId "2924056"]
[WhiteElo "2441"]
[BlackElo "1888"]
[Result "1-0"]
[Round "05"]
[TimeControl "180+1"]
[Date "2022.08.09"]
[WhiteClock "0:01:04"]
[BlackClock "0:00:53"]

1. e4 c5 2. Nf3 e6 3. d4 cxd4 4. Nxd4 Nc6 5. Nc3 Qc7 6. Qd3 Nxd4 7. Qxd4 a6 8. Be3 b5 9. O-O-O Bb7 10. Kb1 Nf6 11. f3 Be7 12. Be2 O-O 13. g4 Rac8 14. g5 b4 15. gxf6 Bxf6 16. Qxb4 Bxc3 17. Qxc3 Qb8 18. Qb3 1-0


[Site "https://www.chess.com"]

[Event "Titled Tuesday Blitz August 09 Early 2022"]
[White "Sanchez, Robert"]
[Black "Rios Escobar, Adan"]
[WhiteFideId "2034360"]
[BlackFideId "3403645"]
[WhiteElo "2271"]
[BlackElo "2394"]
[Result "0-1"]
[Round "05"]
[TimeControl "180+1"]
[Date "2022.08.09"]
[WhiteClock "0:00:12"]
[BlackClock "0:00:08"]

1. e4 c5 2. Nf3 d6 3. d4 cxd4 4. Nxd4 Nf6 5. Nc3 a6 6. Be3 e5 7. Nb3 Be7 8. f3 Be6 9. Qd2 h5 10. O-O-O Nbd7 11. Kb1 Rc8 12. Nd5 Nxd5 13. exd5 Bf5 14. Bd3 Bxd3 15. Qxd3 Bg5 16. Bf2 Qc7 17. h4 Bh6 18. g4 Bf4 19. gxh5 Qc4 20. Rhg1 Qxd3 21. Rxd3 Kf8 22. Na5 Rc7 23. b3 Rxh5 24. Nc4 Rh6 25. a4 Nc5 26. Rdd1 Nxa4 27. Rd3 Nc5 28. Bxc5 Rxc5 29. Rg4 g6 30. Nb6 Ke7 31. c4 Rc7 32. b4 f5 33. Rg1 e4 34. fxe4 fxe4 35. Rd4 Rxh4 36. Rxe4+ Kf6 37. Re6+ Kf5 38. Rgxg6 Rh1+ 39. Kc2 Rch7 40. Rgf6+ Kg4 41. Re4 R7h2+ 42. Kb3 Rh3+ 43. Kc2 R1h2+ 44. Kd1 Rd2+ 45. Ke1 Rh1# 0-1


[Site "https://www.chess.com"]

[Event "Titled Tuesday Blitz August 09 Early 2022"]
[White "Sellitti, Federico"]
[Black "Csonka, Balazs"]
[WhiteFideId "821829"]
[BlackFideId "742910"]
[WhiteElo "2510"]
[BlackElo "2404"]
[Result "0-1"]
[Round "05"]
[TimeControl "180+1"]
[Date "2022.08.09"]
[WhiteClock "0:00:10"]
[BlackClock "0:00:04"]

1. e4 c5 2. Nc3 e6 3. g3 d5 4. Bg2 d4 5. Nce2 Nc6 6. d3 e5 7. f4 Nf6 8. Nf3 Bd6 9. O-O O-O 10. f5 c4 11. h3 cxd3 12. cxd3 Nd7 13. g4 Nc5 14. Ng3 b6 15. g5 Ba6 16. Ne1 f6 17. g6 h6 18. Bxh6 gxh6 19. Qd2 Re8 20. Qxh6 Re7 21. Nh5 Qf8 22. g7 Rxg7 23. Nxg7 Qxg7 24. Qxg7+ Kxg7 25. Rf3 Kf7 26. a3 Nb3 27. Rd1 Rc8 28. Rf2 Bb5 29. Bf1 Ba4 30. Rb1 b5 31. Nf3 b4 32. Nd2 Nca5 33. Nxb3 Nxb3 34. h4 a5 35. Kh2 Rh8 36. Kh3 Rg8 37. Be2 Rh8 38. h5 Nc5 39. Rg2 Bd7 40. Rbg1 Rh7 41. Kh4 bxa3 42. bxa3 Bf8 43. Rg6 Bh6 44. R1g2 Be8 45. Bd1 a4 46. R6g3 Nb3 47. Bxb3+ axb3 48. Rb2 Ba4 49. Rg1 Rg7 50. Rgb1 Bg5+ 51. Kh3 Bf4 52. Rxb3 Bxb3 53. Rxb3 Rg3+ 54. Kh4 Kg7 55. Rb7+ Kh6 56. a4 Rg1 57. Kh3 Ra1 58. Rb6 Bg5 59. Rb4 Kxh5 60. Kg3 Bd2 61. Rc4 Kg5 62. Kf3 Bc3 63. Rc8 Rxa4 64. Rg8+ Kh5 65. Rh8+ Kg5 66. Rg8+ Kh6 67. Rg6+ Kh7 68. Rxf6 Ra1 69. Re6 Rd1 70. Rxe5 Rxd3+ 71. Kg4 Rd1 72. Rd5 d3 73. e5 d2 74. e6 Rg1+ 75. Kf4 d1=Q 76. Rxd1 Rxd1 77. e7 Re1 78. f6 Bxf6 79. e8=Q Bg5+ 80. Kxg5 Rxe8 81. Kf6 Kh6 82. Kf7 Re4 83. Kf6 Rf4+ 84. Ke5 Kg5 85. Ke6 Rf5 0-1


[Site "https://www.chess.com"]

[Event "Titled Tuesday Blitz August 09 Early 2022"]
[White "Shimanov, Aleksandr"]
[Black "Bolourchifard, Farzad"]
[WhiteFideId "4198603"]
[BlackFideId "12510084"]
[WhiteElo "2605"]
[BlackElo "2317"]
[Result "1-0"]
[Round "05"]
[TimeControl "180+1"]
[Date "2022.08.09"]
[WhiteClock "0:00:36"]
[BlackClock "0:00:01"]

1. e4 e5 2. Nf3 Nc6 3. Nc3 Nf6 4. h3 d6 5. d4 Bd7 6. g4 g6 7. Be3 Bg7 8. Qd2 Qe7 9. d5 Nb8 10. O-O-O a5 11. Ne1 Na6 12. f3 Nc5 13. Nd3 b6 14. Kb1 a4 15. a3 h6 16. Nb4 h5 17. Bb5 Ra5 18. Nc6 Bxc6 19. Bxc6+ Nfd7 20. Na2 Kf8 21. Nb4 Nb8 22. Rdf1 Nca6 23. c3 Nxb4 24. cxb4 Nxc6 25. bxa5 Nxa5 26. Qc3 Nb7 27. Qc6 Nc5 28. Bxc5 dxc5 29. Qxa4 h4 30. Rd1 Qd6 31. Rd3 Bh6 32. Rhd1 Kg7 33. Rc3 Rb8 34. Qb5 Ra8 35. b4 cxb4 36. axb4 Bf4 37. Rdd3 Qe7 38. Ra3 Rxa3 39. Rxa3 Qf6 40. Qc6 Qg5 41. Qxc7 Bg3 42. Qc1 Qe7 43. Qc3 Bf2 44. Ra8 Bd4 45. Qc4 Qf6 46. Qc8 Qxf3 47. Qh8# 1-0


[Site "https://www.chess.com"]

[Event "Titled Tuesday Blitz August 09 Early 2022"]
[White "Shohat, Yotam"]
[Black "Goldin, Roman"]
[WhiteFideId "2813955"]
[BlackFideId "2803860"]
[WhiteElo "2119"]
[BlackElo "2312"]
[Result "1-0"]
[Round "05"]
[TimeControl "180+1"]
[Date "2022.08.09"]
[WhiteClock "0:00:02"]
[BlackClock "0:00:02"]

1. e4 Nc6 2. Nf3 e5 3. Bb5 a6 4. Ba4 Nf6 5. O-O Be7 6. Re1 d6 7. Bxc6+ bxc6 8. d4 exd4 9. Nxd4 Bd7 10. Nc3 O-O 11. h3 Re8 12. Bf4 c5 13. Nb3 c4 14. Na5 Be6 15. Nd5 Nxd5 16. exd5 Bf5 17. Nxc4 Qd7 18. Qd2 Bf6 19. Rxe8+ Rxe8 20. Re1 Rxe1+ 21. Qxe1 Bxc2 22. b3 h6 23. Qa5 Qf5 24. Be3 Be4 25. Qxc7 Qg6 26. Qc8+ Kh7 27. Qg4 Bxd5 28. Qxg6+ Kxg6 29. Nxd6 Be5 30. Nc4 Kf5 31. f3 Ke6 32. Kf2 Bf6 33. Ke2 h5 34. Kd3 h4 35. Bd4 Bxd4 36. Kxd4 Ba8 37. Ne3 Kf6 38. f4 g5 39. fxg5+ Kxg5 40. Ke5 f6+ 41. Ke6 Kf4 42. Nf5 1-0


[Site "https://www.chess.com"]

[Event "Titled Tuesday Blitz August 09 Early 2022"]
[White "Silvestre, Christian"]
[Black "Aaditya Dhingra"]
[WhiteFideId "30956269"]
[BlackFideId "25678191"]
[WhiteElo "2299"]
[BlackElo "1849"]
[Result "0-1"]
[Round "05"]
[TimeControl "180+1"]
[Date "2022.08.09"]
[WhiteClock "0:00:28"]
[BlackClock "0:01:11"]

1. Nf3 Nf6 2. g3 g6 3. Bg2 Bg7 4. O-O O-O 5. d4 d6 6. c4 Nbd7 7. Nc3 e5 8. e4 c6 9. d5 c5 10. b3 Ne8 11. a4 f5 12. Ng5 Ndf6 13. f4 exf4 14. Bxf4 h6 15. Ne6 Bxe6 16. dxe6 Nxe4 17. Nxe4 fxe4 18. Bxe4 Bxa1 19. Qxa1 g5 20. Bd5 Qe7 21. Bd2 Rxf1+ 22. Qxf1 Nf6 23. Qd3 Nxd5 24. cxd5 Rf8 25. Bc3 Qh7 26. Qe3 Qb1+ 27. Be1 Qf5 28. Bf2 Qxd5 29. e7 Re8 30. Be1 Qd4 31. Qxd4 cxd4 32. Kf2 Rxe7 33. Bd2 d3 34. h4 Re2+ 35. Kf3 Rxd2 36. hxg5 hxg5 37. Ke3 Rb2 38. Kxd3 Rxb3+ 39. Kc4 Rxg3 40. Kb5 Rb3+ 41. Ka5 Ra3 42. Kb4 Rxa4+ 43. Kxa4 g4 44. Kb4 g3 45. Kb5 g2 46. Kc4 g1=Q 47. Kb4 Qc5+ 48. Ka4 d5 49. Kb3 d4 50. Ka4 d3 51. Kb3 d2 52. Ka2 d1=Q 53. Kb2 Qdc2+ 54. Ka1 Qa3# 0-1


[Site "https://www.chess.com"]

[Event "Titled Tuesday Blitz August 09 Early 2022"]
[White "Simonovic, Miroslav"]
[Black "Shapiro, Daniel"]
[WhiteFideId "919152"]
[BlackFideId "2001780"]
[WhiteElo "2043"]
[BlackElo "2238"]
[Result "0-1"]
[Round "05"]
[TimeControl "180+1"]
[Date "2022.08.09"]
[WhiteClock "0:00:42"]
[BlackClock "0:00:03"]

1. d4 Nf6 2. Bg5 d5 3. Bxf6 gxf6 4. e3 c5 5. c4 cxd4 6. Qxd4 Qa5+ 7. Nc3 dxc4 8. Bxc4 Nc6 9. Qd5 Be6 10. Qxa5 Nxa5 11. Bxe6 fxe6 12. Nb5 Kf7 13. O-O-O Bg7 14. Nf3 Rac8+ 15. Kb1 a6 16. Nbd4 h6 17. b3 f5 18. Rc1 Rhd8 19. Rxc8 Rxc8 20. Rc1 Rxc1+ 21. Kxc1 Kf6 22. Kc2 e5 23. Ne2 Ke6 24. Nd2 Nc6 25. f3 Nb4+ 26. Kb2 e4+ 27. Kb1 exf3 28. gxf3 Kd5 29. Nf4+ Kd6 30. a3 Nc6 31. Nc4+ Kd7 32. Kc2 Ne5 33. Nh5 Nxc4 34. bxc4 Be5 35. f4 Bd6 36. a4 e6 37. Kd3 Ke7 38. Kd4 b6 39. h3 Kf7 40. Ng3 Kf6 41. Ne2 Bc5+ 42. Kd3 e5 43. Nc3 exf4 44. exf4 Ke6 45. Nd5 Kd6 46. Nf6 Ke6 47. Ng8 h5 48. Nh6 Bf8 49. Ng8 Kf7 50. Kd4 Kxg8 51. Ke5 Bc5 52. Kxf5 Kf7 53. Kg5 Be7+ 54. Kxh5 Kf6 55. Kg4 Bd6 56. h4 Kg6 57. h5+ Kf6 58. Kf3 Kf5 59. h6 Kg6 60. Ke4 Kxh6 61. f5 Kg5 62. Kd5 Bc5 63. a5 Kxf5 64. axb6 Bxb6 65. c5 Ba5 66. c6 Bc7 67. Kc5 a5 68. Kb5 Ke5 69. Ka6 Kd6 70. Kb7 a4 71. Ka6 a3 72. Kb5 a2 73. Ka6 a1=Q+ 74. Kb7 Qb2+ 75. Ka6 Qb6# 0-1


[Site "https://www.chess.com"]

[Event "Titled Tuesday Blitz August 09 Early 2022"]
[White "Siva Mahadevan"]
[Black "Hosseinzadeh, Nima"]
[WhiteFideId "25043153"]
[BlackFideId "12505323"]
[WhiteElo "2203"]
[BlackElo "2045"]
[Result "1-0"]
[Round "05"]
[TimeControl "180+1"]
[Date "2022.08.09"]
[WhiteClock "0:00:24"]
[BlackClock "0:00:01"]

1. e4 e5 2. Nf3 Nc6 3. Bb5 a6 4. Ba4 Nf6 5. O-O Nxe4 6. d4 b5 7. Bb3 d5 8. dxe5 Be6 9. Nbd2 Nc5 10. c3 d4 11. Bxe6 Nxe6 12. cxd4 Ncxd4 13. a4 Bb4 14. axb5 Nxb5 15. Qa4 c5 16. Ne4 O-O 17. Be3 Qd5 18. Ng3 Nbd4 19. Bxd4 Nxd4 20. Nxd4 Qxd4 21. e6 fxe6 22. Qc6 Qxb2 23. Qxe6+ Kh8 24. Rxa6 Rae8 25. Qg4 Re1 26. Qf3 c4 27. Ra8 Ree8 28. Rxe8 Rxe8 29. Qc6 Rf8 30. Qxc4 Ba5 31. Ne4 Bb6 32. h3 Qd4 33. Qc6 h6 34. Kh1 Rd8 35. Rb1 Ba7 36. Rb7 Bb8 37. g3 Rf8 38. Qg6 Qe5 39. Kg2 Qd4 40. h4 Qe5 41. h5 Qd4 42. Qe6 Qe5 43. Qxe5 Bxe5 44. f4 Bf6 45. Kf3 Bd4 46. g4 Bf6 47. Nd6 Be5 48. Nf7+ Rxf7 49. Rxf7 Bf6 50. Ke4 Kg8 51. Rd7 Bh4 52. Kf5 Be1 53. Kg6 Kf8 54. Rf7+ Ke8 55. Rxg7 Bc3 56. Kxh6 1-0


[Site "https://www.chess.com"]

[Event "Titled Tuesday Blitz August 09 Early 2022"]
[White "Slugin, Sergey"]
[Black "Vakhlamov, Igor L."]
[WhiteFideId "4122569"]
[BlackFideId "24126748"]
[WhiteElo "2330"]
[BlackElo "2401"]
[Result "1-0"]
[Round "05"]
[TimeControl "180+1"]
[Date "2022.08.09"]
[WhiteClock "0:00:15"]
[BlackClock "0:00:03"]

1. c4 Nf6 2. Nc3 c5 3. Nf3 Nc6 4. e3 e6 5. a3 d5 6. d4 dxc4 7. Bxc4 a6 8. O-O b5 9. Ba2 Bb7 10. dxc5 Bxc5 11. b4 Bd6 12. Bb2 Ne5 13. Nxe5 Bxe5 14. a4 O-O 15. Qe2 Qc7 16. Rfc1 Bxh2+ 17. Kh1 Qb8 18. axb5 axb5 19. Nxb5 Be5 20. Nd4 Ne4 21. Bb1 Rxa1 22. Bxa1 Bf6 23. Kg1 h6 24. b5 Bd5 25. Bd3 Rd8 26. Qc2 Bxd4 27. Bxd4 Qb7 28. Qc7 Rb8 29. Qxb7 Bxb7 30. Rc7 Bd5 31. b6 Nd6 32. Be5 Ne8 33. Re7 Rd8 34. Bb5 Nf6 35. b7 Rb8 36. Bxb8 Kf8 37. Bd6 Kg8 38. b8=Q+ Kh7 39. Bd3+ g6 40. Rxf7# 1-0


[Site "https://www.chess.com"]

[Event "Titled Tuesday Blitz August 09 Early 2022"]
[White "Smietanska, Wiktoria"]
[Black "Vifleemskaia, Svetlana"]
[WhiteFideId "21869359"]
[BlackFideId "4129490"]
[WhiteElo "1883"]
[BlackElo "1929"]
[Result "1/2-1/2"]
[Round "05"]
[TimeControl "180+1"]
[Date "2022.08.09"]
[WhiteClock "0:00:03"]
[BlackClock "0:00:18"]

1. c4 c5 2. Nf3 Nf6 3. Nc3 d5 4. cxd5 Nxd5 5. g3 Nc6 6. Bg2 Nc7 7. O-O e5 8. d3 Be7 9. e3 O-O 10. d4 exd4 11. exd4 cxd4 12. Ne4 Bf5 13. Re1 h6 14. Bf4 Rc8 15. Rc1 Ne6 16. Bd2 Bh7 17. a3 a5 18. Qa4 Qd5 19. Nfg5 hxg5 20. Nf6+ Bxf6 21. Bxd5 d3 22. Be4 Bxe4 23. Qxe4 Bxb2 24. Rb1 Bxa3 25. Qxd3 Be7 26. Ra1 b6 27. Reb1 Bf6 28. Ra2 Rfd8 29. Qb5 Ncd4 30. Qxb6 Nf3+ 31. Kg2 Nxd2 32. Rd1 Nc4 33. Rxd8+ Rxd8 34. Qb5 Nd6 35. Qxa5 Ne4 36. f3 Nc3 37. Rc2 Rd3 38. Qa8+ Kh7 39. Qa5 g6 40. h4 gxh4 41. gxh4 Nf4+ 42. Kg3 Nh5+ 43. Kf2 Kg7 44. Qb4 Rd5 45. Qc4 Rf5 46. Rxc3 Bxc3 47. Qxc3+ Nf6 48. Kg3 Rh5 49. Kh3 Rf5 50. Qd3 Rh5 51. Kg3 Rf5 52. Qd6 Nd5 53. Qa3 Nf6 54. Qa1 Rh5 55. Qd4 Rf5 56. f4 Rh5 57. Kf3 Rxh4 58. Qe5 Rh5 59. Qc3 Rf5 60. Qb2 Kh6 61. Kg3 Nh5+ 62. Kh3 Nf6 63. Kg3 Nh5+ 64. Kf3 Rxf4+ 65. Ke3 Rf6 66. Qh2 Kg7 67. Qb8 g5 68. Qe5 Kg6 69. Qe4+ Kg7 70. Qe5 Kg6 71. Qe4+ Kh6 72. Qe5 Kg6 1/2-1/2


[Site "https://www.chess.com"]

[Event "Titled Tuesday Blitz August 09 Early 2022"]
[White "Solon, Nathan"]
[Black "Mardov, Dimitar"]
[WhiteFideId "2017229"]
[BlackFideId "30919495"]
[WhiteElo "2647"]
[BlackElo "2185"]
[Result "0-1"]
[Round "05"]
[TimeControl "180+1"]
[Date "2022.08.09"]
[WhiteClock "0:00:01"]
[BlackClock "0:00:02"]

1. e4 e5 2. Nf3 Nc6 3. d3 Nf6 4. g3 d5 5. exd5 Nxd5 6. Bg2 Be7 7. O-O O-O 8. Re1 f6 9. c3 Nb6 10. d4 exd4 11. Nxd4 Nxd4 12. cxd4 c6 13. Nc3 Bf5 14. Bf4 Bd6 15. Qb3+ Kh8 16. Bxd6 Qxd6 17. a3 Rae8 18. a4 Qxd4 19. a5 Qc4 20. Qxc4 Nxc4 21. a6 bxa6 22. Rxe8 Rxe8 23. Bxc6 Rc8 24. Rxa6 Nxb2 25. Nd5 Bh3 26. f3 Nd3 27. g4 h5 28. Ra3 Ne5 29. Ne7 Rc7 30. f4 hxg4 31. fxe5 Rxe7 32. exf6 gxf6 33. Kf2 Kg7 34. Kg3 f5 35. Ra6 Kf6 36. Bg2+ Kg5 37. Bxh3 Re3+ 38. Kg2 gxh3+ 39. Kf2 Re7 40. Kg3 Re3+ 41. Kf2 Re7 42. Kg3 Rh7 43. Rc6 Rb7 0-1


[Site "https://www.chess.com"]